 Dungeon Crawl Stone Soup version 0.22.1-6-g1668fe2 (webtiles) character file.

190047 Gingerlord the Protected (level 18, 0/127 HPs)
             Began as a Halfling Artificer on Jan 26, 2019.
             Was the Champion of Makhleb.
             Slain by a black mamba (2 damage)
             ... on level 2 of the Snake Pit on Jan 27, 2019.
             The game lasted 01:20:38 (31272 turns).

Gingerlord the Protected (Halfling Artificer)      Turns: 31272, Time: 01:20:39

Health: 0/127      AC: 19    Str: 24    XL:     18   Next: 82%
Magic:  0/36       EV: 24    Int: 23    God:    Makhleb [******]
Gold:   2244       SH:  0    Dex: 25    Spells: 17/17 levels left

rFire    + + .     SeeInvis .   d - +9 trident of Suotaim {elec, +Inv Int+6 Dex+8}
rCold    x . .     Gourm    .   (shield currently unavailable)
rNeg     + . .     Faith    +   D - +0 chain mail {rF+}
rPois    +         Spirit   +   i - +0 helmet
rElec    .         Reflect  .   y - scarf {Spirit}
rCorr    .         Harm     .   I - +1 pair of gloves
MR       ++...                  N - +1 pair of boots of Distant Worlds {rPois rC- Int+8}
Stlth    ..........             K - amulet of faith
HPRegen  0.31/turn              O - ring of the Endless Expanse {rF+ rN+ Str+5}
MPRegen  0.25/turn              P - ring of Pyiruism {MR+ MP+9}

@: lethally poisoned (0 -> -7)
A: small, mutation resistance 1
}: 1/15 runes: decaying
a: Minor Destruction, Lesser Servant of Makhleb, Major Destruction, Greater
Servant of Makhleb, Renounce Religion, Evoke Invisibility


You were on level 2 of the Snake Pit.
You worshipped Makhleb.
Makhleb was exalted by your worship.
You were not hungry.

You visited 6 branches of the dungeon, and saw 30 of its levels.
You also visited: Ossuary.

You collected 2754 gold pieces.
You spent 510 gold pieces at shops.

Inventory:

Hand Weapons
 d - the +9 trident of Suotaim (weapon) {elec, +Inv Int+6 Dex+8}
   (You found it on level 3 of the Lair of Beasts)

   Occasionally, upon striking a foe, it will discharge some electrical energy
   and cause terrible harm.
   It affects your intelligence (+6).
   It affects your dexterity (+8).
   It lets you turn invisible.
Armour
 i - a +0 helmet (worn)
 v - a +2 cloak of poison resistance
 y - a scarf of spirit shield (worn)
 D - a +0 chain mail of fire resistance (worn)
 I - a +1 pair of gloves (worn)
 N - the +1 pair of boots of Distant Worlds (worn) {rPois rC- Int+8}
   (You found it on level 6 of the Lair of Beasts)

   It affects your intelligence (+8).
   It makes you vulnerable to cold.
   It protects you from poison.
Jewellery
 e - an uncursed ring of protection from magic
 k - an uncursed ring of resist corrosion
 K - an amulet of faith (around neck)
 O - the ring of the Endless Expanse (left hand) {rF+ rN+ Str+5}
   (You found it on level 15 of the Dungeon)

   [ring of positive energy]

   It affects your strength (+5).
   It protects you from fire.
   It protects you from negative energy.
 P - the ring of Pyiruism (right hand) {MR+ MP+9}
   (You found it on level 6 of the Lair of Beasts)

   [ring of magical power]

   It affects your resistance to hostile enchantments.
   It affects your magic capacity (+9).
Wands
 a - a wand of acid (28)
 w - a wand of digging (15)
 x - a wand of iceblast (28)
Scrolls
 b - a scroll of blinking
 c - a scroll of identify
 h - a scroll of torment
 j - 6 scrolls of amnesia
 l - 3 scrolls of fog
 m - 3 scrolls of fear
 n - 5 scrolls of remove curse
 q - a scroll of vulnerability
 r - a scroll of holy word
 s - 10 scrolls of teleportation
 u - 3 scrolls of magic mapping
 G - 2 scrolls of enchant weapon
 J - 2 scrolls of enchant armour
Potions
 g - 18 potions of curing
 o - a potion of agility
 p - 3 potions of flight
 t - 2 potions of magic
 z - a potion of brilliance
 A - 2 potions of might
 B - 3 potions of heal wounds
 E - 6 potions of haste
 F - 3 potions of resistance
 H - a potion of cancellation
 L - a potion of invisibility
 Q - 3 potions of ambrosia
Comestibles
 f - 37 rations


   Skills:
 + Level 12.8 Fighting
   Level 5.2 Short Blades
 + Level 11.9 Polearms
 + Level 14.0 Armour
 + Level 13.8 Dodging
 - Level 1.1 Stealth
   Level 12.3 Shields
 + Level 13.3 Invocations
 - Level 5.3 Evocations


You had 17 spell levels left.
You didn't know any spells.
Your spell library contained the following spells:

 Spells                   Type           Power        Failure   Level  Hunger
 Beastly Appendage        Tmut           #.....       56%         1    ##.....
 Corona                   Hex            #......      56%         1    ##.....
 Flame Tongue             Conj/Fire      #....        56%         1    ##.....
 Infusion                 Chrm           #...         56%         1    ##.....
 Magic Dart               Conj           #...         56%         1    ##.....
 Blink                    Tloc           N/A          71%         2    ###....
 Call Imp                 Summ           #.......     71%         2    ###....
 Ensorcelled Hibernation  Hex/Ice        #.....       71%         2    ###....
 Searing Ray              Conj           #.....       71%         2    ###....
 Shroud of Golubria       Chrm/Tloc      #.........   71%         2    ###....
 Slow                     Hex            #.......     71%         2    ###....
 Song of Slaying          Chrm           #.......     71%         2    ###....
 Sticks to Snakes         Tmut           #.......     71%         2    ###....
 Throw Flame              Conj/Fire      #.....       71%         2    ###....
 Confuse                  Hex            #.......     90%         3    ####...
 Conjure Flame            Conj/Fire      #.......     90%         3    ####...
 Dazzling Spray           Conj/Hex       #.....       90%         3    ####...
 Inner Flame              Hex/Fire       #.......     90%         3    ####...
 Mephitic Cloud           Conj/Pois/Air  #.......     90%         3    ####...
 Regeneration             Chrm/Necr      #.........   90%         3    ####...
 Spectral Weapon          Hex/Chrm       #.......     90%         3    ####...
 Spider Form              Tmut/Pois      #.........   90%         3    ####...
 Tukima's Dance           Hex            #.......     90%         3    ####...
 Cause Fear               Hex            #.........   100%        4    #####..
 Force Lance              Conj/Tloc      #.......     100%        4    #####..
 Fulminant Prism          Conj/Hex       #.........   100%        4    #####..
 Ice Form                 Ice/Tmut       #.......     100%        4    #####..
 Iskenderun's Mystic Bla  Conj           #.......     100%        4    #####..
 Sticky Flame             Conj/Fire      #.......     100%        4    #####..
 Blade Hands              Tmut           #.........   100%        5    ######.
 Fireball                 Conj/Fire      #.........   100%        5    ######.
 Metabolic Englaciation   Hex/Ice        #.........   100%        5    ######.
 Silence                  Hex/Air        #.........   100%        5    ######.
 Yara's Violent Unravell  Hex/Tmut       #.........   100%        5    ######.
 Bolt of Cold             Conj/Ice       #.........   100%        6    #######
 Deflect Missiles         Chrm/Air       #.........   100%        6    #######
 Freezing Cloud           Conj/Ice/Air   #.........   100%        6    #######
 Ozocubu's Refrigeration  Ice            #.........   100%        6    #######
 Simulacrum               Ice/Necr       #.........   100%        6    #######
 Discord                  Hex            #.........   100%        8    #######


Dungeon Overview and Level Annotations

Branches:
Dungeon (15/15)            Temple (1/1) D:5            Lair (6/6) D:10
  Swamp (4/4) Lair:2        Snake (2/4) Lair:4        Slime (0/5) Lair:5
    Orc (2/2) D:9             Elf (0/3) Orc:2        Depths (0/5) D:15
 Vaults: D:13-14

Altars:
Ashenzari
Cheibriados
Dithmenos
Elyvilon
Fedhas
Gozag
Hepliaklqana
Kikubaaqudgha
Makhleb
Nemelex Xobeh
Okawaru
Qazlal
Ru
Sif Muna
Trog
Uskayaw
Vehumet
Wu Jian
Xom
Yredelemnul
Zin
The Shining One
Jiyva

Shops:
D:14 !   Orc:2 %(}*:%%   Snake:1 *=

Annotations:
D:4 1 runed door
D:14 1 runed door, Brighthearth's ghost, journeyman HONe
Lair:1 exclusion: oklob plant


Innate Abilities, Weirdness & Mutations

You are small and have problems with some larger weapons.
You are somewhat resistant to further mutation.


Message History

* * * LOW HITPOINT WARNING * * *
The naga sharpshooter casts a spell.
The naga sharpshooter magically shoots a bolt.
The bolt hits you!!
* * * LOW HITPOINT WARNING * * *
The black mamba bites you but does no damage. x2
The nagaraja hits your balrug with a club!!
The nagaraja constricts your balrug!
You see here 4 bolts.
You feel sick. The black mamba misses you.
Your balrug hits the nagaraja with a demon whip of freezing.
The nagaraja is engulfed in flames!
Your balrug freezes the nagaraja.
The naga sharpshooter mumbles some strange words.
The naga sharpshooter magically shoots a bolt.
The bolt hits you!
* * * LOW HITPOINT WARNING * * *
The bolt burns you.
* * * LOW HITPOINT WARNING * * *
The black mamba barely misses you. The black mamba bites you.
You die...

#.... #.## #....N
..#
.....N###.####
.......N.....#
......N(2....#
.#####.....).+
............#.##
......#%SS.....#
.......#.#@###..#
.......#.#..# .#
(##...##.#<.# #
..... #.##.# ....
#...... ## ##....
...... ......
#.....


You could see a nagaraja, 2 naga sharpshooters, a salamander, 2 black mambas and
a friendly balrug.

Vanquished Creatures
  Frances (Swamp:1)
  Kirke (Swamp:2)
  2 thorn hunters
  Nessos (Orc:2)
  Azrael (Orc:1)
  A dire elephant (Lair:6)
  Snorg (D:13)
  An ettin (Orc:2)
  13 hydras
  Josephine (D:15)
  2 naga warriors (Snake:1)
  Erica (Lair:2)
  A ghost crab (Swamp:2)
  3 catoblepae
  2 centaur warriors
  6 two-headed ogres
  7 anacondas (Snake:1)
  7 death yaks (Lair:6)
  15 alligators
  A death knight (D:15)
  A deep troll shaman (Lair:6)
  A shock serpent (Snake:2)
  Urug (Orc:1)
  An orc high priest (Orc:2)
  2 naga sharpshooters (Snake:1)
  3 spriggan druids
  A wizard (D:15)
  2 naga ritualists (Snake:1)
  2 unseen horrors
  2 sea snakes (Snake:1)
  Pikel (D:7)
  6 swamp dragons
  3 cyclopes
  6 orc sorcerers
  2 mana vipers (Snake:1)
  A wolf spider zombie (D:15)
  10 ugly things
  2 deep elf magi
  A necromancer (D:15)
  Maurice (D:13)
  A salamander (Snake:1)
  13 elephants
  Psyche (D:8)
  5 naga magi
  11 black mambas
  2 gargoyles (D:14)
  2 efreet
  17 spiny frogs
  5 rime drakes
  3 freezing wraiths
  4 komodo dragons
  2 polar bears
  8 trolls
  9 tyrant leeches
  4 hornets
  A slime creature (Swamp:3)
  7 dream sheep (Lair:6)
  11 hippogriffs
  12 blink frogs
  5 bog bodies
  4 spriggans (Swamp:3)
  4 shadows
  6 wraiths
  2 centaur simulacra (D:15)
  44 yaks
  4 wyverns
  A fire elemental (Orc:1)
  A hog (Swamp:2)
  A basilisk (D:13)
  8 vampire mosquitoes
  3 hungry ghosts
  A golden eye (shapeshifter) (D:13)
  11 swamp worms
  10 insubstantial wisps
  12 nagas
  A warg (Orc:2)
  12 water moccasins
  Duvessa (D:7)
  2 hell hounds
  23 orc warriors
  6 ice beasts
  6 porcupines
  An eye of draining (D:11)
  4 slaves
  3 black bears
  A hornet zombie (D:11)
  14 swamp drakes
  3 sky beasts
  13 ogres
  11 wolves
  3 phantoms
  A necrophage (D:13)
  11 centaurs
  7 crocodiles
  2 big kobolds
  14 bullfrogs
  Dowan (D:7)
  A wyvern skeleton (D:10)
  3 scorpions
  7 killer bees
  7 wights (D:11)
  5 howler monkeys
  2 electric eels
  12 crimson imps
  7 centaur zombies
  A bullfrog zombie (D:5)
  A quasit (D:14)
  4 hounds
  26 orc priests
  3 centaur skeletons
  7 jellies
  A bullfrog skeleton (D:9)
  An iguana (D:9)
  Ijyb (D:5)
  24 orc wizards
  7 worker ants
  A killer bee zombie (D:7)
  3 big kobold zombies (Ossuary)
  2 hound skeletons
  5 mummies (Ossuary)
  A worker ant zombie (D:5)
  6 adders
  6 shadow imps
  6 oozes
  2 adder skeletons
  2 worms (D:3)
  A dart slug (D:1)
  6 leopard geckos
  67 orcs
  3 ball pythons
  3 bats
  3 giant cockroaches
  3 goblins
  6 hobgoblins
  3 jackals (D:7)
  8 quokkas
  3 frilled lizards
  A hobgoblin zombie (Ossuary)
  23 kobolds
  7 rats
  3 briar patches (Swamp:3)
786 creatures vanquished.

Vanquished Creatures (collateral kills)
  Nikola (Swamp:2)
  A thorn hunter (Swamp:3)
  4 hydras (Swamp:3)
  A ghost crab (Swamp:3)
  A two-headed ogre (D:14)
  An ogre mage (D:14)
  3 alligators
  3 death yaks (Lair:6)
  2 shambling mangroves (Swamp:3)
  A spriggan druid (Swamp:3)
  5 elephants
  A torpor snail (Lair:6)
  A spiny frog (Lair:5)
  A rime drake (Lair:5)
  A hornet (Swamp:3)
  2 blink frogs (Lair:4)
  3 slime creatures (Swamp:3)
  2 bog bodies (Swamp:3)
  3 dream sheep (Lair:6)
  2 spriggans (Swamp:3)
  A shadow (Swamp:4)
  3 yaks
  A wyvern (Lair:4)
  A hog (Swamp:2)
  A swamp worm (Swamp:4)
  2 nagas (Lair:4)
  A warg (Orc:1)
  2 water moccasins
  An orc warrior (Orc:1)
  A swamp drake (Swamp:2)
  3 wolves (Lair:6)
  An orc priest (Orc:1)
  2 orc wizards (Orc:1)
  A worm (D:2)
  8 orcs (Orc:1)
  A giant cockroach (D:2)
  2 goblins (D:2)
  A hobgoblin (D:2)
  A rat (D:2)
  A plant (Lair:6)
74 creatures vanquished.

Vanquished Creatures (others)
  Erolcha (D:12)
  2 yaks
  A swamp worm (Swamp:2)
  5 insubstantial wisps (Swamp:2)
  A hell hound (Orc:1)
  A swamp drake (Swamp:2)
  3 wolves (Lair:2)
  A centaur (D:15)
  A hound (D:4)
  An orc priest (Orc:2)
  A bat (D:2)
  3 briar patches (Swamp:3)
  A bush (Lair:6)
  8 fungi
  17 plants
47 creatures vanquished.

Grand Total: 907 creatures vanquished

Notes
Turn   | Place    | Note
-------+----------+-------------------------------------------
     0 | D:1      | Gingerlord the Halfling Artificer began the quest for the
                  | Orb.
     0 | D:1      | Reached XP level 1. HP: 12/12 MP: 3/3
    36 | D:1      | Reached skill level 1 in Fighting
   198 | D:1      | Reached XP level 2. HP: 10/18 MP: 4/4
   735 | D:1      | Reached skill level 1 in Armour
   735 | D:1      | Reached XP level 3. HP: 17/23 MP: 5/5
  1672 | D:2      | Reached XP level 4. HP: 27/28 MP: 6/6
  1929 | D:2      | Noticed a centaur
  2422 | D:3      | Found a sacrificial altar of Ru.
  2501 | D:3      | Noticed a bullfrog
  2536 | D:3      | Killed a bullfrog
  2536 | D:3      | Reached skill level 2 in Armour
  2536 | D:3      | Reached XP level 5. HP: 31/34 MP: 7/7
  3004 | D:3      | Found a faded altar of an unknown god.
  3014 | D:3      | Reached XP level 6. HP: 39/39 MP: 8/8
  3751 | D:4      | Reached skill level 1 in Shields
  3771 | D:4      | Got a steaming spear
  3772 | D:4      | Identified the +10 spear of Zioj {pierce, *Noise rN+ MR+
                  | Dex+3} (You found it on level 4 of the Dungeon)
  3919 | D:4      | Found a runed door.
  3920 | D:4      | Found a glowing silver altar of Zin.
  3920 | D:4      | Noticed an angel
  3937 | D:4      | Noticed an ogre
  3955 | D:4      | Killed an ogre
  4120 | D:4      | Reached XP level 7. HP: 45/45 MP: 9/9
  4584 | D:5      | Entered Level 5 of the Dungeon
  4590 | D:5      | Reached skill level 3 in Armour
  4684 | D:5      | Noticed Ijyb
  4698 | D:5      | Killed Ijyb
  5006 | D:5      | Found a shadowy altar of Dithmenos.
  5084 | D:5      | Reached XP level 8. HP: 52/52 MP: 11/11
  5106 | D:5      | Reached skill level 4 in Armour
  5141 | D:5      | Found a staircase to the Ecumenical Temple.
  5399 | Temple   | Entered the Ecumenical Temple
  5579 | Temple   | Became a worshipper of Makhleb the Destroyer
  5958 | D:6      | Reached skill level 5 in Dodging
  6689 | D:7      | Noticed Pikel
  6915 | D:7      | Killed Pikel
  6915 | D:7      | Reached skill level 5 in Armour
  6915 | D:7      | Reached XP level 9. HP: 29/59 MP: 12/12
  7090 | D:7      | Found an iron altar of Okawaru.
  7091 | D:7      | Noticed a hippogriff
  7100 | D:7      | Killed a hippogriff
  7100 | D:7      | Reached skill level 5 in Evocations
  7104 | D:7      | Reached skill level 5 in Shields
  7155 | D:7      | Reached * piety under Makhleb
  7205 | D:7      | Found a sand-covered staircase.
  7214 | Ossuary  | Entered an ossuary
  7297 | Ossuary  | Reached skill level 5 in Fighting
  7297 | Ossuary  | Reached skill level 5 in Short Blades
  7676 | D:7      | Reached skill level 6 in Armour
  7874 | D:7      | Noticed Duvessa
  7884 | D:7      | Noticed Dowan
  7891 | D:7      | Killed Duvessa
  7893 | D:7      | Reached XP level 10. HP: 21/66 MP: 13/13
  7896 | D:7      | Killed Dowan
  8547 | D:9      | Reached ** piety under Makhleb
  8560 | D:9      | Reached skill level 1 in Polearms
  8560 | D:9      | Reached skill level 1 in Invocations
  9096 | D:9      | Found a staircase to the Orcish Mines.
  9927 | D:8      | Noticed Psyche
 10333 | D:8      | Killed Psyche
 10333 | D:8      | Reached skill level 7 in Armour
 10452 | D:8      | Reached XP level 11. HP: 72/72 MP: 14/14
 10525 | D:10     | Entered Level 10 of the Dungeon
 10528 | D:10     | Found an opulent altar of Gozag.
 10575 | D:10     | Killed an unseen horror
 10582 | D:10     | Reached *** piety under Makhleb
 10695 | D:10     | Reached skill level 5 in Polearms
 10854 | D:10     | Found a staircase to the Lair.
 11060 | D:10     | Noticed a two-headed ogre
 11076 | D:10     | Killed a two-headed ogre
 11593 | Lair:1   | Entered Level 1 of the Lair of Beasts
 11633 | Lair:1   | Noticed an oklob plant
 11890 | Lair:1   | Reached skill level 8 in Armour
 11947 | Lair:1   | Reached skill level 5 in Invocations
 11958 | Lair:1   | Reached XP level 12. HP: 80/80 MP: 15/15
 11992 | Lair:1   | Reached **** piety under Makhleb
 12025 | Lair:1   | Noticed a four-headed hydra
 12045 | Lair:1   | Killed a four-headed hydra
 13123 | Lair:2   | Noticed Erica
 13129 | Lair:2   | Noticed Sonja
 13366 | Lair:2   | Noticed a catoblepas
 13499 | Lair:2   | Noticed Sonja
 13499 | Lair:2   | Sonja changed into Sonja the sky beast
 13503 | Lair:2   | Killed Sonja the sky beast
 13544 | Lair:2   | Killed Erica
 13577 | Lair:2   | Found a staircase to the Swamp.
 13592 | Lair:2   | Reached skill level 9 in Armour
 13770 | Lair:3   | You fall through a shaft for 2 floors!
 13919 | Lair:5   | Reached XP level 13. HP: 26/88 MP: 17/17
 13933 | Lair:5   | Noticed a four-headed hydra
 13948 | Lair:5   | Killed a one-headed hydra
 14313 | Lair:5   | Reached skill level 10 in Armour
 14313 | Lair:5   | Reached XP level 14. HP: 89/97 MP: 19/19
 14314 | Lair:5   | Reached skill level 10 in Shields
 14314 | Lair:5   | Reached XP level 15. HP: 95/103 MP: 19/21
 14388 | Lair:5   | Found a staircase to the Slime Pits.
 14389 | Lair:5   | Found a viscous altar of Jiyva.
 14868 | Lair:5   | Reached ***** piety under Makhleb
 14898 | Lair:5   | Reached skill level 10 in Dodging
 15329 | Lair:4   | Found a staircase to the Snake Pit.
 15377 | Lair:4   | Reached skill level 10 in Fighting
 15405 | Lair:4   | You fall through a shaft for 2 floors!
 15405 | Lair:6   | Entered Level 6 of the Lair of Beasts
 16584 | Lair:6   | Reached skill level 11 in Armour
 16701 | Lair:6   | Reached skill level 10 in Invocations
 17020 | Lair:6   | Got a pair of steaming boots
 17027 | Lair:6   | Identified the +1 pair of boots of Distant Worlds {rPois
                  | rC- Int+8} (You found it on level 6 of the Lair of Beasts)
 17032 | Lair:6   | Got a heavily runed ivory ring
 17033 | Lair:6   | Identified the ring of Pyiruism {MR+ MP+9} (You found it on
                  | level 6 of the Lair of Beasts)
 17548 | Lair:4   | Reached XP level 16. HP: 110/110 MP: 23/23
 19356 | D:12     | Noticed Erolcha
 19367 | D:12     | Killed Erolcha
 20210 | D:13     | Noticed Snorg
 20230 | D:13     | Killed Snorg
 20279 | D:13     | Reached ****** piety under Makhleb
 20863 | D:13     | Noticed Maurice
 20869 | D:13     | Killed Maurice
 21124 | D:14     | Found Bisyuc's Distillery.
 21128 | D:14     | Bought a potion of heal wounds for 65 gold pieces
 21128 | D:14     | Bought a potion of curing for 39 gold pieces
 21128 | D:14     | Bought a potion of curing for 39 gold pieces
 21128 | D:14     | Bought a potion of heal wounds for 65 gold pieces
 21128 | D:14     | Bought a potion of heal wounds for 65 gold pieces
 21413 | D:14     | Found a runed door.
 21413 | D:14     | Noticed Brighthearth's ghost (journeyman HONe)
 21473 | D:14     | Reached skill level 10 in Polearms
 21621 | D:14     | Reached skill level 12 in Armour
 21844 | Lair:3   | Got a crystal trident
 21852 | Lair:3   | Identified the +9 trident of Suotaim {elec, +Inv Int+6
                  | Dex+8} (You found it on level 3 of the Lair of Beasts)
 22133 | D:15     | Entered Level 15 of the Dungeon
 22246 | D:15     | Found a shimmering altar of Xom.
 22323 | D:15     | Found a shadowy altar of Dithmenos.
 22545 | D:15     | Noticed Josephine
 22554 | D:15     | Killed Josephine
 22622 | D:15     | Reached XP level 17. HP: 117/117 MP: 25/25
 22667 | D:15     | Found a staircase to the Depths.
 22750 | D:15     | Got a crude platinum ring
 22752 | D:15     | Identified the ring of the Endless Expanse {rF+ rN+ Str+5}
                  | (You found it on level 15 of the Dungeon)
 22755 | D:15     | Identified a scroll of acquirement
 23129 | Swamp:1  | Entered Level 1 of the Swamp
 23316 | Swamp:1  | Found an opulent altar of Gozag.
 23413 | Swamp:1  | Noticed Frances
 23424 | Swamp:1  | Killed Frances
 24017 | Swamp:2  | Noticed Kirke
 24036 | Swamp:2  | Killed Kirke
 24511 | Swamp:2  | Noticed Nikola
 24529 | Swamp:2  | Killed Nikola
 25214 | Swamp:3  | HP: 1/119 [alligator[a spriggan druid] (24)]
 25225 | Swamp:3  | Reached skill level 13 in Armour
 25887 | Swamp:3  | Noticed a thorn hunter
 25899 | Swamp:3  | Killed a thorn hunter
 26424 | Swamp:3  | Noticed a thorn hunter
 26464 | Swamp:4  | Entered Level 4 of the Swamp
 26721 | Swamp:4  | Reached XP level 18. HP: 124/126 MP: 27/27
 27460 | Swamp:4  | Got a decaying rune of Zot
 27628 | Snake:1  | Entered Level 1 of the Snake Pit
 27716 | Snake:1  | You fall through a shaft!
 28172 | Snake:1  | Found Fuxkai's Jewellery Emporium.
 28172 | Snake:1  | Found Yrhado's Assorted Antiques.
 28181 | Snake:1  | Bought a shimmering trident for 195 gold pieces
 28181 | Snake:1  | Identified the +3 trident of Death's Door {holy, *Rage +Inv
                  | Int+6 Stlth+} (You bought it in a shop on level 1 of the
                  | Snake Pit)
 29358 | Orc:1    | Entered Level 1 of the Orcish Mines
 29533 | Orc:2    | Entered Level 2 of the Orcish Mines
 29533 | Orc:2    | Found Kabunow's Food Emporium.
 29545 | Orc:2    | Noticed Nessos
 29549 | Orc:2    | Noticed Azrael
 29672 | Orc:1    | Killed Azrael
 29736 | Orc:2    | Killed Nessos
 29770 | Orc:2    | Found Weifyrol's Food Emporium.
 29915 | Orc:1    | Noticed Urug
 29948 | Orc:1    | Killed Urug
 29955 | Orc:1    | Reached skill level 14 in Armour
 30706 | Orc:2    | Found Fyump's General Store.
 30707 | Orc:2    | Found Veerout's Book Shop.
 30710 | Orc:2    | Found Hyf Gyon's Gadget Boutique.
 30714 | Orc:2    | Found Fonaiwikk's Weapon Boutique.
 30730 | Orc:2    | Bought a potion of curing for 42 gold pieces
 30762 | Orc:2    | Found a staircase to the Elven Halls.
 30853 | Orc:2    | Found Laj Weloemue's Food Shoppe.
 31272 | Snake:2  | HP: 3/127 [naga sharpshooter/bolt (11)]
 31272 | Snake:2  | Slain by a black mamba

Skill      XL: |  1  2  3  4  5  6  7  8  9 10 11 12 13 14 15 16 17 18 |
---------------+-------------------------------------------------------+-----
Fighting       | 1 2 3 4 5 6 7 9 10 11 12 | 12.8
Armour         | 1 2 3 5 6 7 8 9 10 11 12 13 14 | 14.0
Short Blades   | 2 3 4 5 |  5.2
Dodging        | 3 4 5 6 7 8 9 10 12 13 | 13.8
Shields        | 1 2 4 5 6 7 8 9 10 11 12 | 12.3
Evocations     | 4 5 |  5.3
Polearms       | 3 6 7 8 9 10 11 | 11.9
Invocations    | 3 5 6 8 10 11 12 13 | 13.3
Stealth        | |  1.1

Action                   |  1- 3 |  4- 6 |  7- 9 | 10-12 | 13-15 | 16-18 || total
-------------------------+-------+-------+-------+-------+-------+-------++-------
Melee: Short sword       |   130 |   162 |       |       |       |       ||   292
       Spear             |       |    19 |   260 |   668 |   664 |   681 ||  2292
       Scimitar          |       |       |       |       |    17 |       ||    17
       Trident           |       |       |       |       |       |  1364 ||  1364
Invok: Lesser Servant of |       |       |       |     3 |    11 |    13 ||    27
       Minor Destruction |       |       |       |     1 |       |       ||     1
       Greater Servant o |       |       |       |       |       |    10 ||    10
       Major Destruction |       |       |       |       |       |     2 ||     2
Evoke: Wand              |     1 |    14 |     7 |    25 |       |     3 ||    50
  Use: Potion            |     2 |       |     1 |     5 |     3 |    12 ||    23
       Scroll            |       |     4 |     8 |     7 |    12 |    11 ||    42
 Stab: Sleeping          |     2 |       |       |       |       |       ||     2
       Distracted        |       |       |       |     2 |     8 |     7 ||    17
       Petrified         |       |       |       |       |    35 |       ||    35
       Petrifying        |       |       |       |       |     1 |       ||     1
       Invisible         |       |       |       |       |       |     6 ||     6
       Confused          |       |       |       |       |       |     1 ||     1
  Eat: Chunk             |     2 |     5 |     1 |    16 |    11 |    24 ||    59
       Ration            |       |     1 |     3 |     2 |       |     7 ||    13
Armor: Leather armour    |    20 |       |       |       |       |       ||    20
       Chain mail        |    50 |    91 |    80 |   192 |   175 |   599 ||  1187
Dodge: Dodged            |    90 |    86 |   113 |   297 |   288 |  1740 ||  2614
Block: Buckler           |       |     8 |    59 |   208 |   195 |   141 ||   611
       Rpst.: Scimitar   |       |       |       |       |     2 |       ||     2
